 Dungeon Crawl Stone Soup version 0.30-a0-591-g3c58d2bc28 (webtiles) character file.

Game seed: 4552418430046846534

186 OTABOTABOTAB the Insei (level 5, -6/33 HPs)
             Began as an Octopode Transmuter on Jan 4, 2023.
             Was an Initiate of Gozag.
             Mangled by a gnoll
             ... wielding a +0 whip
              (7 damage)
             ... on level 4 of the Dungeon.
             The game lasted 00:06:27 (2801 turns).

OTABOTABOTAB the Insei (Octopode Transmuter)        Turns: 2801, Time: 00:06:28

Health: -6/33      AC:  1    Str: 12    XL:     5   Next: 66%
Magic:  8/8        EV: 13    Int: 15    God:    Gozag
Gold:   120        SH:  0    Dex: 12    Spells: 2/8 levels left

rFire   . . .      SeeInvis .    j - +3 mace
rCold   . . .      Faith    .    (no shield)
rNeg    . . .      Spirit   .    (helmet restricted)
rPois   .          Reflect  .    (no amulet)
rElec   .          Harm     .    (no ring)
rCorr   .          Rampage  .    (no ring)
Will    .....                    (no ring)
Stlth   ++                       (no ring)
HPRegen 0.25/turn                (no ring)
MPRegen 0.11/turn                (no ring)
                                 (no ring)
                                 (no ring)

@: no status effects
A: almost no armour, amphibious, 8 rings, camouflage 1, gelatinous body 1,
(nimble swimmer 1), tentacles
a: Renounce Religion, Potion Petition, Call Merchant, Bribe Branch


You were on level 4 of the Dungeon.
You worshipped Gozag.
Gozag was aware of your devotion.
You visited 2 branches of the dungeon, and saw 5 of its levels.

You collected 178 gold pieces.
You paid 58 gold pieces to Gozag.

Inventory:

Hand Weapons
 h - a +1 dagger of protection
   (You took it off a goblin on level 2 of the Dungeon)
 j - a +3 mace (weapon)
   (You found it on level 2 of the Dungeon)
Missiles
 c - 2 atropa-tipped darts
 s - 6 stones (quivered)
Armour
 g - a +0 buckler
   (You found it on level 1 of the Dungeon)
Wands
 e - a wand of charming (9)
   (You found it on level 2 of the Dungeon)
 q - a wand of flame (22)
   (You found it on level 3 of the Dungeon)
Scrolls
 d - a scroll of immolation {unknown}
 l - a scroll of teleportation {unknown}
 n - a scroll of identify {unknown}
Potions
 a - a potion of mutation {unknown}
 b - 2 potions of might {unknown}
 f - a potion of degeneration {unknown}
 i - 2 potions of attraction {unknown}
 k - a potion of heal wounds {unknown}
 o - a potion of flight {unknown}
 J - a potion of curing {@q1}
 P - a potion of lignification {!q}


   Skills:
 - Level 1.0 Fighting
 - Level 2.0 Dodging
 + Level 4.2 Unarmed Combat
 - Level 2.0 Spellcasting
 + Level 3.6 Transmutations
 + Level 1.0 Ice Magic
 - Level 3.0 Poison Magic


You had 2 spell levels left.
You knew the following spells:

 Your Spells              Type           Power      Damage    Failure   Level
a - Beastly Appendage     Tmut           24%        N/A       4%          1
b - Wereblood             Tmut           12%        N/A       8%          2
c - Spider Form           Tmut/Pois      11%        N/A       17%         3

Your spell library contained the following spells:

 Spells                   Type           Power      Damage    Failure   Level
 Ice Form                 Ice/Tmut       8%         N/A       63%         4
 Summon Ice Beast         Ice/Summ       3%         N/A       87%         4
 Summon Mana Viper        Hex/Summ       1%         N/A       99%         5
 Monstrous Menagerie      Summ           0%         N/A       100%        7


Dungeon Overview and Level Annotations

Branches:
Dungeon (4/15)             Temple (1/1) D:4

Altars:
Cheibriados
Fedhas
Gozag
Hepliaklqana
Kikubaaqudgha
Makhleb
Nemelex Xobeh
Okawaru
Ru
Trog
Vehumet
Xom
Yredelemnul
The Shining One


Innate Abilities, Weirdness & Mutations

You cannot wear most types of armour.
You are amphibious.
You can wear up to eight rings at the same time.
Your skin changes colour to match your surroundings (Stealth+).
Your rubbery body absorbs attacks. (AC +1, EV +1)
((You are camouflaged when in or above water. (Stealth+)))
You have tentacles for arms and can constrict up to eight enemies at once.


Message History

You climb downwards.
There is a stone staircase leading up here.
There are monsters nearby!
One of your tentacles grows a vicious spike.
The hobgoblin shouts!
You now have 7/8 mp.
The hobgoblin hits you.
You take 1 damage, and have 32/33 hp.
You closely miss the hobgoblin. You grab the hobgoblin.
You constrict the hobgoblin. The hobgoblin barely misses you.
You barely miss the hobgoblin. You constrict the hobgoblin.
The hobgoblin hits you.
You take 2 damage, and have 30/33 hp.
You hit the hobgoblin but do no damage.
You pierce the hobgoblin.
You kill the hobgoblin!
The quokka barely misses you. The quokka bites you.
You take 1 damage, and have 29/33 hp.
You hit the quokka but do no damage. Your grab misses the quokka.
The quokka bites you. The quokka barely misses you.
You take 4 damage, and have 25/33 hp.
MP restored: 8 You hit the quokka.
You kill the quokka!
You see here a hobgoblin corpse.
s - 6 stones (quivered)
Your transformation is almost over.
You see here a hobgoblin corpse.
There is a stone staircase leading up here.
Found a staircase to the Ecumenical Temple.
A goblin comes into view. It is wielding a +0 dagger.
Your tentacle spike disappears.
A gnoll comes into view. It is wielding a +0 whip.
A goblin comes into view. It is wielding a +0 dagger.
The gnoll shouts!
The goblin shouts!
You hear a shout! x3
There is a staircase to the Ecumenical Temple here.
The goblin shouts!
You hit the goblin. You grab the goblin. You constrict the goblin.
A goblin comes into view. It is wielding a +0 club.
The goblin barely misses you.
You barely miss the goblin. You constrict the goblin.
You kill the goblin!
A gnoll comes into view. It is wielding a +0 flail.
You climb downwards.
Welcome to the Ecumenical Temple!
Found five altars.
There is a staircase back to the Dungeon here.
Found an iron altar of Okawaru.
Health restored: 33
Found a radiant altar of Vehumet.
Found a burning altar of Makhleb.
Found a snail-covered altar of Cheibriados and a blossoming altar of Fedhas.
Found an opulent altar of Gozag and a bloodstained altar of Trog.
There is a fountain of clear blue water here.
Found a glowing golden altar of the Shining One.
There is an opulent altar of Gozag here.
You curl up in front of the altar of Gozag.
Gozag welcomes you!
You pay a service fee of 58 gold.
You aren't carrying any pieces of jewellery.
Unknown command.
Press < or > to pray at altars.
Unknown command.
Press < or > to pray at altars.
There is a blossoming altar of Fedhas here.
There is an ancient bone altar of Kikubaaqudgha here.
There is a staircase back to the Dungeon here.
You climb upwards.
Welcome back to the Dungeon!
The gnoll hits you with a +0 whip. The goblin hits you with a +0 dagger.
The gnoll hits you with a +0 whip! x2; The goblin hits you with a +0 dagger.
* * * LOW HITPOINT WARNING * * *
The gnoll misses you.
There is a staircase to the Ecumenical Temple, spattered with blood here.
You take 25 damage, and have 8/33 hp.
MASSIVE DAMAGE!!
Okay, then.
It was a potion of curing.
You feel better.
J - a potion of curing The goblin closely misses you.
The gnoll barely misses you. The gnoll misses you.
You regained 6 hp, and now have 14/33 hp.
The gnoll attacks as you move away! The gnoll hits you with a +0 whip.
The gnoll shouts!
You take 2 damage, and have 12/33 hp.
The goblin attacks as you move away! The goblin barely misses you.
The gnoll closely misses you. The gnoll attacks as you move away!
The gnoll hits you with a +0 whip.
* * * LOW HITPOINT WARNING * * *
The goblin attacks as you move away! The goblin hits you with a +0 club.
* * * LOW HITPOINT WARNING * * *
You take 7 damage, and have 6/33 hp.
MASSIVE DAMAGE!!
The goblin attacks as you move away! The goblin hits you with a +0 club.
* * * LOW HITPOINT WARNING * * *
You take 4 damage, and have 2/33 hp.
The gnoll attacks as you move away! The gnoll closely misses you.
There is a stone staircase leading up here.
The goblin hits you with a +0 club.
* * * LOW HITPOINT WARNING * * *
The gnoll hits you with a +0 whip!
You die...
Your body crumbles into a pile of gold.

...#...>...#......
..................
##.#.......#......
.........g........
...#.#.#.#.#......
##......g.........
####.#.g....#...#
#...ggg....###
###..@...###
#......# #......#
#..†...# #......#
#......# ########


You could see 4 gnolls and 2 goblins.

Vanquished Creatures
  A gnoll (D:1)
  10 adders
  2 orcs (D:3)
  3 ball pythons
  6 endoplasms
  3 giant cockroaches
  7 goblins
  8 hobgoblins
  15 jackals
  3 quokkas
  8 bats
  4 frilled lizards
  4 kobolds
  7 rats
81 creatures vanquished.

Notes
Turn   | Place    | Note
-------+----------+-------------------------------------------
     0 | D:1      | OTABOTABOTAB the Octopode Transmuter began the quest for
                  | the Orb.
     0 | D:1      | Reached XP level 1. HP: 13/13 MP: 3/3
    98 | D:1      | Reached skill level 1 in Poison Magic
    98 | D:1      | Reached XP level 2. HP: 18/18 MP: 3/5
   102 | D:1      | Learned a level 2 spell: Wereblood
   121 | D:1      | Found a faded altar of an unknown god.
   346 | D:1      | Reached XP level 3. HP: 19/23 MP: 6/6
   649 | D:2      | Learned a level 3 spell: Spider Form
   705 | D:2      | Reached skill level 2 in Poison Magic
   721 | D:2      | Reached XP level 4. HP: 21/28 MP: 5/7
   922 | D:2      | Reached skill level 3 in Transmutations
  1312 | D:2      | Reached skill level 4 in Unarmed Combat
  1312 | D:2      | Reached XP level 5. HP: 30/33 MP: 6/8
  1382 | D:2      | Reached skill level 3 in Poison Magic
  1704 | D:3      | Found a shimmering altar of Xom.
  1705 | D:3      | Found a shimmering altar of Xom.
  1705 | D:3      | Found a shimmering altar of Xom.
  1706 | D:3      | Found a shimmering altar of Xom.
  1706 | D:3      | Found a shimmering altar of Xom.
  1706 | D:3      | Found a shimmering altar of Xom.
  1707 | D:3      | Found a shimmering altar of Xom.
  2472 | D:3      | Reached skill level 1 in Ice Magic
  2719 | D:4      | Found a staircase to the Ecumenical Temple.
  2730 | Temple   | Entered the Ecumenical Temple
  2775 | Temple   | Became a worshipper of Gozag Ym Sagoz the Greedy
  2791 | D:4      | HP: 8/33 [goblin/+0 dagger (2)]
  2797 | D:4      | HP: 6/33 [goblin/+0 club (3)]
  2798 | D:4      | HP: 2/33 [goblin/+0 club (4)]
  2801 | D:4      | Mangled by a gnoll

Illustrated notes

Levels and vault maps discovered:
D:1:      pf_arrival_petrified_forest, layout_basic,
          dreamdust_ecumenical_altar_grove
D:2:      layout_loops_ring, minmay_misc_feat_diagonals,
          kennysheep_generic_room_16
D:3:      layout_loops_corners, xom_redecorated
D:4:      layout_rooms, minmay_temple_entry_glass, serial_shops,
          nicolae_stop_n_shop_1, uniq_blork_the_orc
Temple:   cyrus_circular_temple

Skill      XL: |  1  2  3  4  5 |
---------------+----------------+-----
Poison Magic   | 1 2 3 |  3.0
Transmutations | 3 |  3.6
Unarmed Combat | 4 |  4.2
Ice Magic      | 1 |  1.0
Fighting       | |  1.0
Dodging        | |  2.0
Spellcasting   | |  2.0

Action                   |  1- 3 |  4- 6 || total
-------------------------+-------+-------++-------
Melee: Unarmed           |    58 |    11 ||    69
       Constrict         |    17 |    24 ||    41
       Kick              |    19 |    16 ||    35
       Tentacles         |     6 |     9 ||    15
       Mace              |       |    73 ||    73
       Punch             |       |     1 ||     1
Throw: Stone             |       |    17 ||    17
 Cast: Beastly Appendage |    14 |    22 ||    36
 Abil: End Transformatio |    11 |    19 ||    30
  Use: Potion            |       |     1 ||     1
 Stab: Sleeping          |     2 |     5 ||     7
       Distracted        |       |     1 ||     1
Armor: Skin              |     2 |     7 ||     9
Dodge: Dodged            |    37 |    60 ||    97

Table legend: (Time is in decaauts)
 A = Elapsed time spent in this place.
 B = Non-inter-level travel time spent in this place.
 C = Inter-level travel time spent in this place.
 D = Time resting spent in this place.
 E = Time spent auto-exploring this place.
 F = Levels seen in this place.
 G = Mean time per level.
                   A        B        C        D        E       F      G
               +--------+--------+--------+--------+--------+-----+--------+
         Total |   2826 |   2771 |     55 |      0 |   2192 |   5 |  565.2 |
       Dungeon |   2766 |   2725 |     41 |      0 |   2156 |   4 |  691.5 |
        Temple |     60 |     46 |     14 |      0 |     36 |   1 |   60.0 |
               +--------+--------+--------+--------+--------+-----+--------+

Top non-repeatable levels by time:
     D:3: 1127 daAuts
     D:2: 1028 daAuts
     D:1: 568 daAuts
  Temple: 60 daAuts
     D:4: 42 daAuts

Table legend:
 A = Kills in this place as a percentage of kills in entire the game.
 B = Kills by you in this place as a percentage of kills by you in the entire game.
 C = Kills by friends in this place as a percentage of kills by friends in the entire game.
 D = Other kills in this place as a percentage of other kills in the entire game.
 E = Experience gained in this place as a percentage of experience gained in the entire game.
 F = Experience gained in this place divided by the number of levels of this place that you have seen.
                   A       B       C       D       E      F
               +-------+-------+-------+-------+-------+----------------------
         Total | 100.0 | 100.0 |   N/A |   N/A | 100.0 |  53.4
       Dungeon | 100.0 | 100.0 |   N/A |   N/A | 100.0 |  66.8
               +-------+-------+-------+-------+-------+----------------------
